 Dungeon Crawl Stone Soup version 0.31-a0-222-gefeffbb62a (webtiles) character file.

Game seed: 8983194512201244139

130 qw the Shooter (level 4, -1/36 HPs)
             Began as a Minotaur Hexslinger on July 4, 2023.
             Slain by a gnoll
             ... wielding a +0 club
              (4 damage)
             ... on level 3 of the Dungeon.
             The game lasted 00:00:32 (1538 turns).

qw the Shooter (Minotaur Hexslinger)                Turns: 1538, Time: 00:00:32

Health: -1/36      AC:  5    Str: 12    XL:     4   Next: 89%
Magic:  4/4        EV: 11    Int: 10    God:
Gold:   90         SH:  0    Dex: 15    Spells: 4/5 levels left

rFire   . . .        Y - +1 sling
rCold   . . .        (no shield)
rNeg    . . .        l - +0 ring mail
rPois   .            (helmet restricted)
rElec   .            (no cloak)
rCorr   .            (no gloves)
SInv    .            (no boots)
Will    .....        (no amulet)
Stlth   +            (no ring)
HPRegen 0.26/turn    (no ring)
MPRegen 0.09/turn

%: no passive effects
@: no status effects
A: horns 2, retaliatory headbutt
a: no special abilities


You were on level 3 of the Dungeon.
You visited 1 branch of the dungeon, and saw 3 of its levels.

You collected 90 gold pieces.


Innate Abilities, Weirdness & Mutations

You have a pair of horns on your head.
You reflexively headbutt those who attack you in melee.


   Skills:
 - Level 2.0 Fighting
 + Level 4.1 Ranged Weapons
 - Level 3.5 Armour
 - Level 2.1 Dodging
 - Level 1.0 Spellcasting
 - Level 2.0 Hexes


You had 4 spell levels left.
You knew the following spells:

 Your Spells              Type           Power      Damage    Failure   Level
a - Slow                  Hex            16%        N/A       32%         1

Your spell library contained the following spells:

 Spells                   Type           Power      Damage    Failure   Level
 Inner Flame              Hex/Fire       2%         N/A       82%         3
 Portal Projectile        Hex/Tloc       4%         N/A       82%         3
 Cause Fear               Hex            2%         N/A       97%         4

Inventory:

Hand Weapons
 Y - a +1 sling (weapon)
Armour
 l - a +0 ring mail (worn)
Scrolls
 k - a scroll of identify
Potions
 f - a potion of enlightenment {unknown}
 h - a potion of mutation {unknown}
 i - a potion of might {unknown}
 m - a potion of invisibility {unknown}

Dungeon Overview and Level Annotations

Branches:
Dungeon (3/15)

Altars:

Shops:
D:1 *

Annotations:
D:3 Natasha


Message History

Natasha claws you but does no damage. The gnoll misses you.
The gnoll hits you but does no damage.
You shoot a sling bullet. The sling bullet hits the gnoll!
You kill the gnoll!
Natasha barely misses you. The gnoll hits you with a +0 whip.
Natasha mumbles some strange words.
You shoot a sling bullet.
The sling bullet closely misses the cerulean imp.
The gnoll hits you with a +0 whip. Natasha claws you but does no damage.
The cerulean imp hits you with a +1 spear.
The gnoll closely misses you. The rat closely misses you.
The gnoll hits you with a +0 club.
You shoot a sling bullet.
The sling bullet misses the cerulean imp.
The cerulean imp hits you but does no damage.
Natasha claws you. The gnoll closely misses you.
The gnoll hits you with a +0 club. The rat closely misses you.
1536 ||| DRINKING potion of heal wounds.
You feel much better. Natasha barely misses you. You furiously retaliate!
You headbutt Natasha. The cerulean imp misses you.
The gnoll hits you but does no damage. The gnoll hits you with a +0 whip.
The rat bites you.
You shoot a sling bullet.
The sling bullet closely misses Natasha.
Natasha casts a spell.
The cerulean imp barely misses you. The gnoll closely misses you.
The gnoll hits you with a +0 club. The rat closely misses you.
You furiously retaliate!
You headbutt the rat.
The cerulean imp hits you with a +1 spear.
Natasha claws you.
You shoot a sling bullet. The sling bullet hits the rat.
The rat is severely wounded.
You hear an angry hiss.
An adder comes into view.
The gnoll hits you with a +0 club. The gnoll barely misses you.
The rat bites you but does no damage. Natasha closely misses you.
The cerulean imp hits you but does no damage.
The gnoll hits you with a +0 whip! The rat barely misses you.
The gnoll hits you with a +0 club.
You die...

# ####.####
#<%......
#.##..#.# 777#
#.##..#.#
)7)...#.5SS...#
7).....@r##.#.#
77.7..ggh.....#
7....w5#.....
77###..#..#.#
.... ...#
.##.....# . ..
... #. ...


You could see Natasha, 2 gnolls, 2 cerulean imps, 2 adders, a dart slug and a
rat.

Vanquished Creatures
  A phantom (D:2)
  A gnoll (D:3)
  An adder (D:2)
  A dart slug (D:2)
  4 ball pythons (D:1)
  3 bats
  An endoplasm (D:1)
  2 giant cockroaches
  5 goblins
  5 hobgoblins
  3 jackals (D:2)
  A quokka (D:1)
  4 kobolds
  6 rats
38 creatures vanquished.

Notes
Turn   | Place    | Note
-------+----------+-------------------------------------------
     0 | D:1      | qw the Minotaur Hexslinger began the quest for the Orb.
     0 | D:1      | Reached XP level 1. HP: 16/16 MP: 1/1
     0 | D:1      | 0 ||| qw: Version: 0.3-a-46-gb1f654a
     0 | D:1      | 0 ||| qw: Game counter: 929
     0 | D:1      | 0 ||| qw: Melee chars always use a shield: true
     0 | D:1      | 0 ||| qw: God list: Okawaru
     0 | D:1      | 0 ||| qw: Allow faded altars: false
     0 | D:1      | 0 ||| qw: Do Orc after clearing Dungeon:15 true
     0 | D:1      | 0 ||| qw: Do second Lair branch before Depths: true
     0 | D:1      | 0 ||| qw: Lair rune preference: random
     0 | D:1      | 0 ||| qw: Goals: Normal
     0 | D:1      | 0 ||| PLANNING D:1-11
   313 | D:1      | Reached skill level 3 in Ranged Weapons
   313 | D:1      | Reached XP level 2. HP: 22/23 MP: 2/2
   740 | D:1      | Found Suddis's General Store.
   839 | D:1      | 839 ||| UPGRADING to +0 leather armour.
   849 | D:1      | 849 ||| DROPPING +0 robe.
   850 | D:1      | 850 ||| UPGRADING to +0 ring mail.
   860 | D:1      | 860 ||| DROPPING +0 leather armour.
   861 | D:1      | 861 ||| READING scroll labelled DAPHAHA ILAQ.
   862 | D:1      | 862 ||| READING scroll labelled XUQAICV PUSHEACS.
   863 | D:1      | 863 ||| READING scroll labelled WETWOA RIEDU.
   864 | D:1      | 864 ||| READING 3 scrolls labelled LISIDUDOTE.
   865 | D:1      | 865 ||| READING 2 scrolls of identify.
   865 | D:1      | 865 ||| IDENTIFYING lumpy green potion
   866 | D:1      | 866 ||| DROPPING scroll of poison.
   953 | D:2      | 953 ||| STAIRDANCE
  1013 | D:2      | Reached XP level 3. HP: 22/29 MP: 3/3
  1013 | D:2      | 1013 ||| STAIRDANCE
  1092 | D:2      | Found a faded altar of an unknown god.
  1179 | D:2      | Reached skill level 4 in Ranged Weapons
  1301 | D:2      | Noticed a phantom
  1310 | D:2      | Killed a phantom
  1311 | D:2      | Reached skill level 3 in Armour
  1311 | D:2      | Reached XP level 4. HP: 31/36 MP: 4/4
  1484 | D:2      | 1484 ||| READING scroll labelled JOERGHY TU DEK.
  1485 | D:2      | 1485 ||| READING scroll labelled MAEPEG FAZO.
  1486 | D:2      | 1486 ||| READING scroll labelled SONOFEU RIFIE.
  1487 | D:2      | 1487 ||| READING scroll labelled XEDWON OHE.
  1527 | D:3      | Noticed Natasha
  1535 | D:3      | HP: 7/36 [Natasha (3)]
  1535 | D:3      | HP: 1/36 [gnoll/+0 club (6)]
  1536 | D:3      | 1536 ||| DRINKING potion of heal wounds.
  1538 | D:3      | Slain by a gnoll

Levels and vault maps discovered:
D:1:      minmay_arrival_diagonal_passages, layout_basic, serial_shops, shop,
          serial_corexii_hall, corexii_hall_statues_i, chequers_hall_statues_y,
          chequers_hall_statues_y, chequers_hall_statues_wall_a,
          dk_noncrumbling_2
D:2:      layout_rooms, ebering_ecumenical_altar_sacrificial
D:3:      layout_loops_cross, mainiacjoe_overflow_big_doors,
          gammafunk_ghost_smash, chequers_arboretum, kennysheep_generic_room_12,
          uniq_crazy_yiuf_cottage, uniq_natasha

Skill      XL: |  1  2  3 |
---------------+----------+-----
Ranged Weapons | 3 4 |  4.1
Fighting       | 2 |  2.0
Armour         | 3 |  3.5
Dodging        | |  2.1
Spellcasting   | |  1.0
Hexes          | |  2.0

Action                     |  1- 3 |  4- 6 || total
---------------------------+-------+-------++-------
   Fire: Sling             |    96 |    13 ||   109
    Use: Scroll            |     5 |     4 ||     9
         Potion            |       |     1 ||     1
 Armour: Ring mail         |     7 |     8 ||    15
         Robe              |     1 |       ||     1
  Dodge: Dodged            |    27 |    16 ||    43

Table legend:
 A = Non-vault XP
 B = Vault XP
 C = Vault XP percentage of total XP
 D = Non-vault monster count
 E = Vault monster count
 F = Vault count percentage of total count
                 A         B        C        D         E       F
            +---------+---------+-------+---------+---------+-------
      Total |     186 |       0 |   0.0 |      38 |       0 |   0.0
            +---------+---------+-------+---------+---------+-------
        D:1 |      26 |       0 |   0.0 |      16 |       0 |   0.0
        D:2 |     144 |       0 |   0.0 |      19 |       0 |   0.0
        D:3 |      16 |       0 |   0.0 |       3 |       0 |   0.0
            +---------+---------+-------+---------+---------+-------
